 Dungeon Crawl Stone Soup version 0.28-a0-883-gc8d7bad45d (webtiles) character file.

Game seed: 10268060264106590505

3836 orbtoucher the Spear-Bearer (level 10, -16/76 HPs)
             Began as a Merfolk Ice Elementalist on Nov 22, 2021.
             Was a Believer of the Shining One.
             Demolished by a two-headed ogre (29 damage)
             ... on level 9 of the Dungeon.
             The game lasted 00:53:06 (11909 turns).

orbtoucher the Spear-Bearer (MfIE)                 Turns: 11909, Time: 00:53:07

Health: -16/76     AC:  6    Str:  8    XL:     10   Next: 18%
Magic:  11/16      EV: 12    Int: 19    God:    the Shining One [**....]
Gold:   540        SH:  8    Dex: 14    Spells: 10/17 levels left

rFire   x . .      SeeInvis .   a - +0 trident
rCold   + . .      Faith    +   (no shield)
rNeg    + . .      Spirit   .   x - +0 ring mail
rPois   .          Reflect  .   (no helmet)
rElec   .          Harm     .   (no cloak)
rCorr   .          Rampage  .   d - +0 pair of gloves
Will    .....                   (no boots)
Stlth   +.........              G - amulet of faith
HPRegen 0.22/turn               o - ring of ice
MPRegen 0.15/turn               (no ring)

@: mighty, divinely shielded, glowing
A: (nimble swimmer 2), mertail
a: Renounce Religion, Divine Shield


You were on level 9 of the Dungeon.
You worshipped the Shining One.
The Shining One was pleased with you.
You visited 1 branch of the dungeon, and saw 9 of its levels.
You also visited: Sewer.

You collected 540 gold pieces.

Inventory:

Hand Weapons
 a - a +0 trident (weapon)
Missiles
 k - 241 stones (quivered)
 l - 9 javelins
 z - 78 poisoned darts
Armour
 d - a +0 pair of gloves (worn)
 x - a +0 ring mail (worn)
Jewellery
 e - an amulet of magic regeneration
 o - a ring of ice (left hand)
 F - a ring of ice
 G - an amulet of faith (around neck)
Wands
 B - a wand of iceblast (9)
 D - a wand of digging (8)
Scrolls
 c - 4 scrolls of magic mapping
 m - 2 scrolls of immolation
 n - 3 scrolls of teleportation
 v - 2 scrolls of brand weapon {unknown}
 w - 7 scrolls of identify
 y - a scroll of enchant armour {unknown}
 A - a scroll of enchant weapon
 E - a scroll of acquirement {unknown}
Potions
 b - 3 potions of brilliance {unknown}
 f - 5 potions of mutation
 g - 3 potions of might
 h - a potion of degeneration {unknown}
 i - 6 potions of curing {unknown}
 j - 2 potions of berserk rage {unknown}
 p - a potion of ambrosia {unknown}
 q - 2 potions of heal wounds {unknown}
 r - 3 potions of invisibility {unknown}
 s - 2 potions of haste
 t - a potion of cancellation {unknown}
 u - a potion of resistance {unknown}
 C - 2 potions of flight {unknown}


   Skills:
 + Level 6.0 Fighting
 * Level 11.0 Polearms
 + Level 7.8 Dodging
 - Level 2.1 Stealth
 - Level 4.0 Spellcasting
 - Level 8.0 Ice Magic
 + Level 5.7 Invocations


You had 10 spell levels left.
You knew the following spells:

 Your Spells              Type           Power      Damage    Failure   Level
a - Freeze                Ice            100%       1d11      1%          1
k - Ozocubu's Armour      Ice            50%        N/A       4%          3
r - Frozen Ramparts       Ice            100%       1d12      4%          3

Your spell library contained the following spells:

 Spells                   Type           Power      Damage    Failure   Level
 Magic Dart               Conj           12%        1d3       38%         1
 Corpse Rot               Necr/Air       6%         N/A       54%         2
 Searing Ray              Conj           6%         2d4       54%         2
 Hailstorm                Conj/Ice       28%        3d8       63%         4
 Mephitic Cloud           Conj/Pois/Air  3%         N/A       77%         3
 Stone Arrow              Conj/Erth      6%         3d7       77%         3
 Animate Armour           Summ/Erth      6%         N/A       99%         4
 Fulminant Prism          Conj/Hex       1%         3d6       99%         4
 Lehudib's Crystal Spear  Conj/Erth      1%         10d2      100%        8
 Death's Door             Necr           1%         N/A       100%        9


Dungeon Overview and Level Annotations

Branches:
Dungeon (9/15)             Temple (0/1) D:4            Lair (0/6) D:8
  Sewer (visited)
    Orc: D:9-12

Altars:
Dithmenos
Elyvilon
Fedhas
Gozag
Hepliaklqana
Kikubaaqudgha
Nemelex Xobeh
Qazlal
Ru
Sif Muna
Uskayaw
Wu Jian
Yredelemnul
Zin
The Shining One

Annotations:
D:5 Edmund, Grinder
D:6 2 transporters


Innate Abilities, Weirdness & Mutations

((You are quick and stealthy near water. (Stealth+, EV+, Speed+++)))
Your lower body shifts to a powerful aquatic tail in water.


Message History

w - 7 scrolls of identify (gained 1)
A two-headed ogre comes into view. It is wielding two +0 giant clubs.
You hit the two-headed ogre.
The two-headed ogre is lightly wounded.
The two-headed ogre closely misses you.
The two-headed ogre hits you with a +0 giant club!!
A divine shield forms around you! The two-headed ogre barely misses you.
The two-headed ogre hits you with a +0 giant club!
Casting: Freeze (safe; 1% risk of failure)
Confirm with . or Enter, or press ? or * to list all spells.
Casting: Frozen Ramparts (dangerous; 4% risk of failure)
Press: ? - help, Dir - look around, f - activate This square is lit by a halo.
You feel a surge of power!
The walls around you are covered in ice.
The wall freezes the two-headed ogre.
The two-headed ogre barely misses you.
The two-headed ogre hits you with a +0 giant club!!
Casting: Frozen Ramparts (dangerous; 4% risk of failure)
Confirm with . or Enter, or press ? or * to list all spells.
You feel a surge of power! A film of ice covers your body!
Casting: Ozocubu's Armour (dangerous; 4% risk of failure)
Confirm with . or Enter, or press ? or * to list all spells.
Aiming: Freeze (safe; 1% risk of failure)
Press: ? - help, Shift-Dir - straight line, f - two-headed ogre
Aim: a two-headed ogre, wielding two +0 giant clubs (lightly wounded, haloed)
You feel a surge of power!
You freeze the two-headed ogre.
The two-headed ogre is lightly wounded.
The wall freezes the two-headed ogre.
The two-headed ogre closely misses you.
The two-headed ogre hits you with a +0 giant club.
* * * LOW HITPOINT WARNING * * *
You feel very mighty all of a sudden.
The wall freezes the two-headed ogre.
You block the two-headed ogre's attack.
The two-headed ogre hits you with a +0 giant club!
* * * LOW HITPOINT WARNING * * *
Your icy armour and frozen ramparts will break if you move.
Continue?
Your icy armour cracks and falls away as you move.
The frozen ramparts melt away as you move.
Okay, then.
The two-headed ogre hits you with a +0 giant club!!
You die...

#.# .# .#
#.##########.##.###
#.##...............
#.##.#####...#.### #.##.#
#.###.# #.##.# #.# #.#
#.##.# #.# #.# ≈♣≈ #.##.#
###.###.######..≈♣ #.##.#
#.@..............≈ #.##.#
#O#.###..........≈ #.##.#
#.#.# #.###.PPP≈:. #.##.#
#.#.###.##≈≈≈≈≈P≈.
#.##.###.......P≈≈≈SP♣≈≈#
#........#.###..P≈≈♣♣♣ P.
####...........#.≈♣♣ P
#####<#......≈≈
#.#####...P


You could see a two-headed ogre.

Vanquished Creatures
  A manticore (D:8)
  A komodo dragon (D:8)
  2 yaks (D:8)
  A wyvern (D:4)
  A water moccasin (D:8)
  A sky beast (D:5)
  An orc warrior (D:6)
  An ogre (D:6)
  2 necrophages
  2 black bears (D:8)
  6 centaurs
  6 bullfrogs (D:8)
  4 kobold brigands
  2 scorpions
  A water moccasin skeleton (D:5)
  A killer bee (D:8)
  2 centaur zombies (D:8)
  3 hounds
  2 jellies
  3 orc priests
  2 iguanas
  Ijyb (D:4)
  2 orc wizards
  A hound zombie (D:5)
  A howler monkey zombie (D:6)
  6 adders
  3 river rats (Sewer)
  2 white imps
  2 ufetubi
  A worm (D:2)
  A dart slug (D:1)
  16 orcs
  10 ball pythons
  7 endoplasms
  14 giant cockroaches
  9 goblins
  9 hobgoblins
  2 jackals (D:3)
  6 bats
  9 frilled lizards
  21 kobolds
  13 rats
181 creatures vanquished.

Vanquished Creatures (others)
  44 fungi (D:8)
  42 plants
86 creatures vanquished.

Grand Total: 267 creatures vanquished

Notes
Turn   | Place    | Note
-------+----------+-------------------------------------------
     0 | D:1      | orbtoucher the Merfolk Ice Elementalist began the quest for
                  | the Orb.
     0 | D:1      | Reached XP level 1. HP: 13/13 MP: 3/3
   184 | D:1      | Reached XP level 2. HP: 14/20 MP: 0/5
   881 | D:1      | Reached skill level 1 in Fighting
   883 | D:1      | Reached XP level 3. HP: 26/26 MP: 3/6
   934 | D:1      | Learned a level 3 spell: Frozen Ramparts
  1285 | D:1      | Found a faded altar of an unknown god.
  1462 | D:1      | Reached skill level 5 in Ice Magic
  2161 | D:2      | Found a sacrificial altar of Ru.
  2206 | D:2      | Reached XP level 4. HP: 32/32 MP: 3/7
  2229 | D:2      | Became a worshipper of Ru the Awakened
  2341 | D:2      | Learned a level 3 spell: Ozocubu's Armour
  2885 | D:3      | Found a glowing golden altar of the Shining One.
  2937 | D:3      | Fell from the grace of Ru
  2937 | D:3      | Became a worshipper of the Shining One
  2975 | D:3      | Found a glowing drain.
  3020 | D:3      | Reached skill level 1 in Polearms
  3058 | Sewer    | Entered a sewer
  3532 | Sewer    | Reached XP level 5. HP: 38/38 MP: 8/8
  3653 | Sewer    | Reached skill level 2 in Polearms
  3719 | D:3      | Noticed a necrophage
  3761 | D:3      | Killed a necrophage
  3762 | D:3      | Reached skill level 1 in Invocations
  3762 | D:3      | Reached XP level 6. HP: 19/44 MP: 1/10
  4785 | D:4      | Reached skill level 3 in Polearms
  5191 | D:4      | Found a sparkling altar of Nemelex Xobeh.
  5192 | D:4      | Found a hazy altar of Hepliaklqana.
  5199 | D:4      | Found a basalt altar of Yredelemnul.
  5200 | D:4      | Found a hide-covered altar of Uskayaw.
  5202 | D:4      | Found an opulent altar of Gozag.
  5202 | D:4      | Found a blossoming altar of Fedhas.
  5203 | D:4      | Found a shadowy altar of Dithmenos.
  5203 | D:4      | Noticed Ijyb
  5472 | D:4      | Found a staircase to the Ecumenical Temple.
  5477 | D:4      | Noticed a wyvern
  5496 | D:4      | Killed a wyvern
  5497 | D:4      | Reached skill level 4 in Polearms
  5497 | D:4      | Reached XP level 7. HP: 11/51 MP: 3/11
  6045 | D:4      | Found an ancient bone altar of Kikubaaqudgha.
  6045 | D:4      | Found a glowing silver altar of Zin.
  6096 | D:4      | Killed Ijyb
  6441 | D:5      | Entered Level 5 of the Dungeon
  6656 | D:5      | Reached * piety under the Shining One
  6704 | D:5      | Reached skill level 5 in Polearms
  6878 | D:5      | Reached skill level 5 in Dodging
  7112 | D:5      | Noticed Edmund
  7397 | D:5      | Noticed Grinder
  7566 | D:6      | Reached XP level 8. HP: 58/58 MP: 7/12
  7650 | D:6      | Reached skill level 6 in Polearms
  7687 | D:6      | Found a transporter.
  8094 | D:6      | Found a transporter.
  8377 | D:6      | Reached skill level 7 in Polearms
  8707 | D:6      | Found an ornate altar of the Wu Jian Council.
  8808 | D:7      | Found a shimmering blue altar of Sif Muna.
  9137 | D:7      | Got the Tome of Cankerous Darkness
  9250 | D:7      | Reached XP level 9. HP: 55/66 MP: 5/13
  9391 | D:7      | Reached skill level 8 in Polearms
  9731 | D:7      | Found a stormy altar of Qazlal.
 10146 | D:8      | Found a white marble altar of Elyvilon.
 10333 | D:8      | Noticed a centaur warrior
 10333 | D:8      | Noticed a gargoyle
 10333 | D:8      | Noticed a fire crab
 10333 | D:8      | Noticed a troll
 10333 | D:8      | Reached ** piety under the Shining One
 10334 | D:8      | Noticed a centaur warrior
 10343 | D:8      | Noticed a white ugly thing
 10343 | D:8      | Noticed a centaur warrior
 10449 | D:8      | Reached skill level 5 in Fighting
 10449 | D:8      | Reached skill level 9 in Polearms
 10646 | D:8      | Noticed a komodo dragon
 10661 | D:8      | Killed a komodo dragon
 10662 | D:8      | Reached skill level 5 in Invocations
 10712 | D:8      | Reached skill level 10 in Polearms
 10744 | D:8      | Found a staircase to the Lair.
 11006 | D:8      | Noticed a manticore
 11018 | D:8      | Killed a manticore
 11019 | D:8      | Reached XP level 10. HP: 55/76 MP: 11/15
 11263 | D:8      | Noticed a guardian serpent
 11463 | D:9      | Reached skill level 11 in Polearms
 11858 | D:9      | Noticed a two-headed ogre
 11909 | D:9      | Demolished by a two-headed ogre

Illustrated notes

Levels and vault maps discovered:
D:1:      tarquinn_simple_flora_water_e, layout_basic,
          shapermc_ecumenical_altar_mp_vishouse, minmay_heptomino_d4
D:2:      layout_basic, basic_altar, minmay_misc_feat_square
D:3:      layout_basic, mainiacjoe_overflow_concentric_impassable,
          gup_sewer_entry_glass, kennysheep_generic_room_4
D:4:      layout_loops_ring, nicolae_overflow_hallway_of_the_gods,
          minmay_temple_entry_antechambers, minmay_bisected, uniq_ijyb
D:5:      layout_basic, uniq_edmund, uniq_grinder
D:6:      gammafunk_steamed_eel, layout_loops_corners, nzn_wu_jian_council_hall
D:7:      layout_loops_ring, mainiacjoe_overflow_brackets,
          mainiacjoe_overflow_surrounded_room, serial_bayou_crossing
D:8:      minmay_recursive_quarters, layout_loops_ring,
          mainiacjoe_overflow_catwalk, due_lair_maze_entry_diamond, minivault_12
D:9:      layout_loops_ring, serial_bayou, serial_bayou_pond_a,
          serial_bayou_lake_a, serial_bayou_shore_b, serial_bayou_pond_c,
          bh_walls_and_bars

Skill      XL: |  1  2  3  4  5  6  7  8  9 10 |
---------------+-------------------------------+-----
Dodging        | 3 4 5 6 7 |  7.8
Fighting       | 1 2 3 4 6 |  6.0
Ice Magic      | 5 6 7 8 |  8.0
Polearms       | 1 2 4 5 7 10 11 | 11.0
Invocations    | 1 2 4 5 |  5.7
Spellcasting   | 3 4 |  4.0
Stealth        | |  2.1

Action                   |  1- 3 |  4- 6 |  7- 9 | 10-12 || total
-------------------------+-------+-------+-------+-------++-------
Melee: Unarmed           |     4 |       |       |       ||     4
       Dagger            |     5 |     2 |       |       ||     7
       Spear             |       |   154 |     9 |       ||   163
       Trident           |       |       |    74 |     5 ||    79
Throw: Stone             |       |     2 |    28 |     4 ||    34
       Javelin           |       |       |     5 |       ||     5
       Dart              |       |       |    11 |       ||    11
 Cast: Freeze            |    65 |    83 |   107 |    12 ||   267
       Ozocubu's Armour  |       |     4 |    40 |     3 ||    47
       Frozen Ramparts   |       |       |    32 |     2 ||    34
Invok: Divine Shield     |       |       |     1 |     1 ||     2
  Use: Scroll            |       |     8 |     1 |       ||     9
       Potion            |       |     1 |       |     1 ||     2
 Stab: Sleeping          |     3 |     3 |       |       ||     6
Armor: Robe              |     5 |       |       |       ||     5
       Leather armour    |     6 |    49 |     2 |       ||    57
       Ring mail         |       |       |    81 |    10 ||    91
Dodge: Dodged            |    39 |   127 |   103 |    18 ||   287
Block: Other             |       |       |     2 |     1 ||     3

Table legend: (Time is in decaauts)
 A = Elapsed time spent in this place.
 B = Non-inter-level travel time spent in this place.
 C = Inter-level travel time spent in this place.
 D = Time resting spent in this place.
 E = Time spent auto-exploring this place.
 F = Levels seen in this place.
 G = Mean time per level.
                   A        B        C        D        E       F      G
               +--------+--------+--------+--------+--------+-----+--------+
         Total |  11887 |  11448 |    439 |   4252 |   4694 |  10 | 1188.7 |
       Dungeon |  11261 |  10822 |    439 |   3835 |   4606 |   9 | 1251.2 |
         Sewer |    626 |    626 |      0 |    417 |     88 |   1 |  626.0 |
               +--------+--------+--------+--------+--------+-----+--------+

Top non-repeatable levels by time:
     D:1: 1691 daAuts
     D:3: 1467 daAuts
     D:8: 1437 daAuts
     D:4: 1428 daAuts
     D:6: 1350 daAuts
     D:7: 1291 daAuts
     D:2: 1238 daAuts
     D:5: 957 daAuts
   Sewer: 626 daAuts
     D:9: 397 daAuts
